Map: Cosmic Sapphire

Players

trigger - Winner!

  • Race: Protoss Protoss
  • League: Grandmaster
  • Spawn Location: 5:00

Scarlett

  • Race: Zerg Zerg
  • Spawn Location: 11:00

Event: HomeStory Cup XXII

VOD

Have the link to the VOD?

Description

Time

  • Played on: Dec. 16, 2022, 2:53 p.m.
  • Length: 8:52

All games in this series

Show
View Real Time Build Order
Export as new Build Order

trigger Protoss - Winner!

Build Orders: 1 Gate Expand, Oracle Opening 

Get SALT Encoding   

  12  0:00  Probe  
  13  0:12  Probe  
  14  0:20  Pylon  
  14  0:24  Probe  
  15  0:38  Probe (Chrono Boost)  
  16  0:43  Gateway  
  16  0:47  Probe (Chrono Boost), Assimilator  
  17  0:52  Probe  
  18  1:05  Probe  
  19  1:17  Probe  
  20  1:27  Nexus  
  20  1:29  Probe  
  21  1:36  Cybernetics Core  
  21  1:42  Assimilator  
  21  1:45  Probe  
  22  1:51  Pylon  
  22  1:57  Probe  
  23  2:09  Probe (Chrono Boost)  
  23  2:13  Adept, Warp Gate  
  26  2:20  Probe (Chrono Boost)  
  27  2:25  Stargate, Probe (Chrono Boost)  
  28  2:36  Probe (Chrono Boost)  
  29  2:41  Probe (Chrono Boost)  
  29  2:44  Adept  
  33  2:45  Probe (Chrono Boost)  
  33  2:48  Probe (Chrono Boost)  
  34  2:52  Probe (Chrono Boost)  
  34  2:53  Probe (Chrono Boost)  
  36  3:02  Probe  
  37  3:05  Probe  
  37  3:06  Oracle (Chrono Boost)  
  37  3:11  Pylon  
  41  3:14  Probe  
  41  3:18  Probe  
  43  3:26  Probe  
  44  3:30  Nexus, Probe  
  44  3:33  Oracle (Chrono Boost)  
  45  3:38  Probe  
  45  3:41  Pylon  
  49  3:42  Probe  
  50  3:51  Gateway  
  50  3:55  Probe  
  49  4:02  Adept  
  51  4:03  Probe  
  51  4:06  Pylon  
  51  4:07  Probe  
  51  4:09  Assimilator  
  53  4:10  Assimilator  
  53  4:15  Probe  
  54  4:18  Pylon  
  54  4:21  Pylon  
  54  4:24  Oracle  
  54  4:26  Probe  
  54  4:30  Probe (Chrono Boost)  
  59  4:35  Adept  
  59  4:36  Twilight Council, Forge  
  61  4:42  Probe (Chrono Boost)  
  61  4:43  Probe (Chrono Boost)  
  61  4:45  Probe (Chrono Boost)  
  64  4:50  Shield Battery  
  64  4:51  Probe (Chrono Boost)  
  66  4:54  Probe (Chrono Boost)  
  66  4:55  Probe (Chrono Boost)  
  66  4:58  Gateway, Probe (Chrono Boost)  
  68  5:06  Blink (Chrono Boost)  
  71  5:07  Probe (Chrono Boost)  
  71  5:08  Probe x2 (Chrono Boost)  
  71  5:10  Protoss Ground Weapons Level 1 (Chrono Boost)  
  71  5:11  Stalker x2  
  71  5:13  Probe (Chrono Boost)  
  75  5:15  Probe  
  75  5:20  Probe  
  78  5:22  Pylon  
  78  5:26  Gateway  
  78  5:33  Probe  
  79  5:36  Stalker x2  
  79  5:39  Probe x2  
  79  5:40  Gateway  
  84  5:43  Gateway  
  84  5:45  Probe  
  85  5:50  Shield Battery  
  85  5:51  Probe x2  
  85  5:52  Pylon  
  85  5:55  Stalker  
  89  5:57  Probe  
  89  6:00  Assimilator  
  89  6:01  Stalker x2  
  94  6:04  Pylon  
  94  6:05  Pylon  
  94  6:11  Gateway  
  94  6:12  Gateway  
  94  6:15  Robotics Facility  
  94  6:19  Stalker  
  94  6:25  Stalker x3  
  99  6:35  Stalker  
  99  6:39  Gateway  
  101  6:43  Stalker x2, Pylon  
  105  6:48  Pylon  
  105  6:49  Stalker x3, Pylon  
  111  6:59  Warp Prism (Chrono Boost)  
  111  7:00  Pylon  
  111  7:07  Stalker x2  
  111  7:08  Stalker x2  
  121  7:10  Pylon  
  121  7:12  Stalker  
  121  7:15  Stalker  
  125  7:17  Stalker  
  127  7:23  Stalker  
  129  7:33  Stalker x5  
  139  7:38  Stalker x2  
  139  7:51  Stalker  
  139  7:52  Stalker  
  139  7:56  Stalker x5  
  153  8:02  Stalker x2  
  155  8:14  Stalker x2  
  149  8:20  Stalker x5  
  157  8:37  Stalker x4, Pylon  
Show
View Real Time Build Order
Export as new Build Order

Scarlett Zerg 

Build Orders: Hatch First 

Get SALT Encoding   

  12  0:00  Drone  
  13  0:12  Overlord  
  13  0:17  Drone  
  14  0:30  Drone x2  
  16  0:46  Hatchery  
  15  0:50  Drone  
  15  0:54  Drone  
  17  0:57  Drone  
  18  1:08  Extractor  
  17  1:12  Spawning Pool  
  17  1:16  Drone  
  17  1:18  Drone  
  18  1:27  Drone  
  19  1:38  Drone  
  20  1:50  Drone  
  21  1:58  Queen x2  
  21  1:59  Drone, Overlord  
  26  2:10  Drone  
  26  2:11  Metabolic Boost, Drone  
  28  2:21  Zergling x2  
  28  2:22  Drone  
  30  2:31  Hatchery  
  30  2:33  Drone  
  30  2:42  Queen  
  32  2:44  Drone  
  32  2:46  Overlord  
  32  2:49  Drone  
  34  2:55  Drone x2  
  36  3:04  Zergling x2  
  36  3:05  Queen  
  39  3:07  Overlord  
  39  3:10  Zergling x6  
  42  3:14  Zergling x2  
  43  3:25  Queen  
  45  3:30  Drone x3  
  48  3:37  Drone  
  48  3:39  Drone, Overlord  
  50  3:44  Drone  
  50  3:45  Drone x2  
  52  3:49  Drone  
  52  3:50  Spore Crawler  
  52  3:52  Drone x4  
  52  3:54  Drone  
  56  3:57  Queen  
  56  4:00  Overlord  
  58  4:03  Queen  
  58  4:08  Drone x2  
  62  4:11  Drone  
  62  4:12  Evolution Chamber  
  62  4:14  Drone x2  
  62  4:16  Drone  
  64  4:24  Overlord  
  64  4:25  Drone x4  
  64  4:29  Overlord  
  64  4:30  Queen  
  70  4:32  Drone  
  70  4:38  Zerg Melee Weapons Level 1  
  71  4:40  Drone  
  71  4:41  Drone  
  73  4:48  Hatchery  
  72  4:53  Zergling x14  
  72  4:55  Zergling x4  
  72  4:59  Spore Crawler  
  80  5:00  Spore Crawler  
  78  5:07  Drone  
  78  5:09  Zergling x2  
  78  5:10  Zergling x10  
  78  5:13  Lair  
  83  5:14  Drone x2  
  83  5:18  Extractor x2  
  83  5:19  Drone x3, Extractor  
  85  5:26  Drone  
  85  5:27  Drone x3  
  88  5:30  Overlord  
  88  5:38  Baneling Nest, Overlord  
  88  5:39  Drone x2  
  88  5:41  Overlord  
  89  5:46  Overlord x2  
  89  5:51  Drone x7  
  96  5:57  Hatchery  
  96  6:01  Zergling x4  
  97  6:05  Zergling x10  
  97  6:09  Extractor  
  97  6:10  Zergling x2  
  101  6:19  Drone x3  
  101  6:20  Drone x5  
  102  6:27  Drone x3  
  102  6:32  Drone x5  
  108  6:34  Zerg Melee Weapons Level 2  
  108  6:36  Drone  
  108  6:39  Drone x3  
  111  6:40  Drone x2  
  111  6:41  Hydralisk Den  
  112  6:47  Drone x2  
  114  6:57  Zergling x14  
  121  7:05  Centrifugal Hooks, Overlord x2  
  121  7:08  Hatchery  
  121  7:12  Muscular Augments, Hydralisk x4  
  127  7:16  Zergling x8  
  127  7:20  Zergling x8  
  134  7:23  Hydralisk x2  
  134  7:27  Zergling x6  
  134  7:28  Zergling x4  
  142  7:30  Zergling x6  
  142  7:33  Zergling x2  
  142  7:34  Zergling x6  
  149  7:37  Zergling x6  
  149  7:38  Overlord  
  149  7:40  Overlord  
  149  7:49  Hydralisk x4  
  150  7:54  Zergling x8  
  150  7:57  Zergling x2  
  150  7:58  Zergling x14  
  158  8:01  Overlord  
  158  8:04  Zergling x2  
  150  8:06  Zergling x8  
  150  8:08  Zergling x2  
  150  8:11  Zergling x4  
  134  8:13  Zergling x2  
  134  8:17  Zergling x2  
  134  8:19  Hydralisk  
  116  8:23  Hydralisk x3  
  116  8:25  Hydralisk x3  
  115  8:28  Hydralisk  
  115  8:31  Zergling x4  
Tags
 
Add a new tag
Caveats
  • Supply blocks, unpowered buildings, or Contaminate may cause inaccurate times.
  • Supply counts are checked every 10 seconds.